Flyers vs Coyotes
Created - May 15, 2017 at 20:13
Goals
|
| Flyers |
0 |
2 |
0 |
1 |
3 |
| Coyotes |
0 |
2 |
0 |
0 |
2 |
|
Shots
|
| Flyers |
2 |
17 |
7 |
1 |
27 |
| Coyotes |
10 |
9 |
12 |
0 |
31 |
|
1st period
No Goal
Penalties :
Georges Laraque (Ari) for Hooking (Minor) at 6:43, Pavel Kubina (Phi) for Roughing (Minor) at 9:12, Maxim Talbot (Ari) for Holding (Minor) at 12:54
2nd period
1. Flyers , Jeff Carter 35 (Jonathan Ericsson 34) at 0:06
2. Flyers , Rostislav Olesz 16 (Kyle Wellwood 47, Jakub Voracek 37) at 1:24 (PP)
3. Coyotes , Marian Gaborik 29 (Brent Sopel 13) at 6:49 (PP)
4. Coyotes , Nazem Kadri 22 (Ramzi Abid 19) at 11:38
Penalties :
Eric Brewer (Ari) for Hooking (Minor) at 0:50, Brent Sopel (Ari) for Hooking (Minor) at 1:54, Alexei Morozov (Phi) for Hooking (Minor) at 6:01, Zach Parise (Ari) for Holding (Minor) at 12:13, Eric Brewer (Ari) for Interference (Minor) at 15:56, Maxim Talbot (Ari) for High sticking (Minor) at 16:19
3rd period
No Goal
Penalties :
Matt Smaby (Phi) for High sticking (Minor) at 3:33, Enver Lisin (Ari) for Tripping (Minor) at 9:01, Chris Kreider (Phi) for Holding Stick (Minor) at 15:03
Overtime #1
5. Flyers , Jeff Woywitka 9 (Alexei Morozov 50, Kyle Wellwood 48) at 1:01
Penalties :
No Penalty
Goalie Stats
Cory Schneider (Phi), 29 saves from 31 shots - (0.935), W, 26-15-8, 61:01 minutes
Ryan Miller (Ari), 24 saves from 27 shots - (0.889), OTL, 30-25-3, 61:01 minutes
Players Stats for Flyers
Player Name G A P +/- PIM S H SB GA TA FO MP PP MP PK MP
------------------------------------------------------------------------------------
Alexei Morozov 0 1 1 1 2 2 0 1 1 0 0/1 17:55 6:58 1:20
Chris Kreider 0 0 0 0 2 2 3 1 2 0 1/1 15:15 0:06 1:00
Dany Heatley 0 0 0 0 0 5 1 1 1 0 2/3 22:57 7:04 3:40
Jakub Voracek 0 1 1 0 0 1 1 0 0 1 0/0 16:51 5:47 0:00
Jeff Carter 1 0 1 0 0 7 4 1 0 0 22/35 26:17 6:58 3:56
Jeff Woywitka 1 0 1 1 0 4 0 1 0 0 0/0 27:33 7:13 3:54
John-Michael Liles 0 0 0 0 0 0 0 0 0 0 0/0 4:23 0:00 0:27
Jonathan Ericsson 0 1 1 1 0 1 3 1 0 1 0/0 29:58 7:01 3:54
Kyle Wellwood 0 2 2 1 0 0 2 0 1 0 0/11 18:26 5:47 1:20
Mats Zuccarello 0 0 0 0 0 1 1 1 0 0 1/2 13:51 0:00 1:45
Matt Smaby 0 0 0 0 2 0 0 1 0 0 0/0 20:07 5:38 1:34
Matthew Lombardi 0 0 0 0 0 1 1 1 1 1 5/8 12:39 0:06 0:00
Nathan Paetsch 0 0 0 0 0 0 0 0 0 1 0/0 9:33 0:00 0:50
Pavel Kubina 0 0 0 0 2 0 0 0 0 0 0/0 9:24 0:12 0:00
Rickard Wallin 0 0 0 0 0 0 0 0 0 0 3/5 6:31 0:00 0:00
Rostislav Olesz 1 0 1 0 0 3 3 1 0 0 0/0 17:20 5:47 0:29
Stefan Ruzicka 0 0 0 0 0 0 1 0 0 0 0/0 6:31 0:00 0:00
Steve McCarthy 0 0 0 0 0 0 2 0 0 0 0/0 21:44 5:38 2:51
Players Stats for Coyotes
Player Name G A P +/- PIM S H SB GA TA FO MP PP MP PK MP
------------------------------------------------------------------------------------
Anton Stralman 0 0 0 -1 0 3 3 0 0 0 0/0 20:54 2:46 7:43
Brent Sopel 0 1 1 1 2 0 2 1 0 1 0/0 17:16 3:59 0:45
Brooks Laich 0 0 0 0 0 1 0 1 0 0 1/8 9:48 0:14 0:34
Chris Stewart 0 0 0 1 0 1 1 0 0 0 0/0 11:22 2:48 0:00
Enver Lisin 0 0 0 0 2 1 1 0 0 0 0/0 9:09 0:00 0:00
Eric Brewer 0 0 0 -1 4 0 2 1 1 2 0/0 22:54 0:00 4:29
Georges Laraque 0 0 0 0 2 1 3 0 0 0 1/1 11:53 0:00 2:57
Josh Gorges 0 0 0 0 0 0 0 1 0 1 0/0 21:00 2:46 4:23
Kristopher Letang 0 0 0 -1 0 2 1 1 0 1 0/0 22:54 3:59 0:45
Marian Gaborik 1 0 1 -2 0 7 0 0 2 0 0/3 18:17 3:57 0:00
Martin Samuelsson 0 0 0 0 0 3 1 0 0 0 0/0 15:16 0:00 6:32
Maxim Talbot 0 0 0 0 4 4 1 1 0 1 8/11 13:32 0:00 4:39
Nazem Kadri 1 0 1 1 0 2 1 1 0 0 12/17 14:33 2:48 2:30
Ramzi Abid 0 1 1 1 0 0 0 0 1 0 0/0 13:48 0:00 4:41
Toni Lydman 0 0 0 0 0 0 1 0 0 0 0/0 17:07 0:00 7:43
Tyler Ennis 0 0 0 0 0 3 1 0 0 0 0/0 11:17 2:48 0:09
Vincent Lecavalier 0 0 0 -2 0 2 2 0 0 0 8/23 18:01 3:57 0:00
Zach Parise 0 0 0 -1 2 1 0 2 0 0 2/3 20:28 3:43 1:57
3 Stars
1 - Jeff Carter (Phi)
2 - Kyle Wellwood (Phi)
3 - Nazem Kadri (Ari)
Power Play
Flyers - 1 on 8 Attempt(s) - 12.50%
Coyotes - 1 on 4 Attempt(s) - 25.00%
Penalty Kill
Flyers - 3 on 4 Attempt(s) - 75.00%
- Score 0 goal in Penalty Kill
Coyotes - 7 on 8 Attempt(s) - 87.50%
- Score 0 goal in Penalty Kill
Team Stat
Flyers - Hits : 22 - Faceoff Wins : 34 - Blocked Shots : 10 - Penalty Minutes : 8
Coyotes - Hits : 20 - Faceoff Wins : 32 - Blocked Shots : 9 - Penalty Minutes : 16
Official
Referees : Morton Dean and Rooney Chris
Linesman : Tony Sericolo and Jonny Murray
Game Notes
No Game Note
Finance
Level 1 -- Attendance: 6000 (100.00%) -- Ticket Income $510,000
Level 2 -- Attendance: 4917 (98.34%) -- Ticket Income $236,016
Level 3 -- Attendance: 2000 (100.00%) -- Ticket Income $64,000
Level 4 -- Attendance: 3803 (95.08%) -- Ticket Income $79,863
Luxury Box -- Attendance: 977 (97.70%) -- Ticket Income $154,366
Game was played at the The Pack Center.
Total Attendance: 17697 (98.32%)
Total Ticket Income: $1,044,245
Other Income: $156,637
Total Income: $1,200,882
Flyers
5 vs 5 Forward
Center Left Wing Right Wing Time % Phy DF OF
1 Jeff Carter Dany Heatley Alexei Morozov 40 1 2 2
2 Kyle Wellwood Rostislav Olesz Jakub Voracek 30 1 2 2
3 Matthew Lombardi Chris Kreider Mats Zuccarello 20 1 2 2
4 Rickard Wallin Jeff Carter Stefan Ruzicka 10 1 2 2
5 vs 5 Defense
Defense Defense Time % Phy DF OF
1 Jonathan Ericsson Jeff Woywitka 40 1 2 2
2 Matt Smaby Steve McCarthy 30 1 2 2
3 Pavel Kubina Nathan Paetsch 20 1 2 2
4 John-Michael Liles Jonathan Ericsson 10 1 2 2
PowerPlay Forward
Center Left Wing Right Wing Time % Phy DF OF
1 Jeff Carter Dany Heatley Alexei Morozov 60 1 2 2
2 Kyle Wellwood Rostislav Olesz Jakub Voracek 40 1 2 2
PowerPlay Defense
Defense Defense Time % Phy DF OF
1 Jonathan Ericsson Jeff Woywitka 60 1 2 2
2 Matt Smaby Steve McCarthy 40 1 2 2
Penalty Kill 4 Players Forward
Center Wing Time % Phy DF OF
1 Jeff Carter Dany Heatley 60 1 2 2
2 Kyle Wellwood Alexei Morozov 40 1 2 2
Penalty Kill 4 Players Defense
Defense Defense Time % Phy DF OF
1 Jonathan Ericsson Jeff Woywitka 60 1 2 2
2 Matt Smaby Steve McCarthy 40 1 2 2
Penalty Kill - 3 Players Forward
Forward Time % Phy DF OF
1 Jeff Carter 60 1 2 2
2 Dany Heatley 40 1 2 2
Penalty Kill - 3 Players Defense
Defense Defense Time % Phy DF OF
1 Jonathan Ericsson Jeff Woywitka 60 1 2 2
2 Matt Smaby Steve McCarthy 40 1 2 2
4 vs 4 Forward
Center Wing Time % Phy DF OF
1 Jeff Carter Dany Heatley 60 1 2 2
2 Kyle Wellwood Alexei Morozov 40 1 2 2
4 vs 4 Defense
Defense Defense Time % Phy DF OF
1 Jonathan Ericsson Jeff Woywitka 60 1 2 2
2 Matt Smaby Steve McCarthy 40 1 2 2
Last Minutes Offensive
Center Left Wing Right Wing Defense Defense
Jeff Carter Dany Heatley Alexei Morozov Jonathan Ericsson Jeff Woywitka
Last Minutes Defensive
Center Left Wing Right Wing Defense Defense
Jeff Carter Dany Heatley Alexei Morozov Jonathan Ericsson Jeff Woywitka
Goaltenders
Starting : Cory Schneider
Backup : Steve Mason
Extra Forwards
Normal : Matthew Lombardi, Chris Kreider, Mats Zuccarello - PP : Matthew Lombardi, Chris Kreider - PK : Mats Zuccarello
Extra Defensemen
Normal : Pavel Kubina, Nathan Paetsch, John-Michael Liles - PP : Pavel Kubina - PK : Nathan Paetsch, John-Michael Liles
Penalty Shots
Jeff Carter, Dany Heatley, Kyle Wellwood, Alexei Morozov, Rostislav Olesz
Scratches
Adam Mair (Healthy), Brock Nelson (Healthy), Jeff O'Neill (Strained Right Knee Injury)
Coyotes
5 vs 5 Forward
Center Left Wing Right Wing Time % Phy DF OF
1 Vincent Lecavalier Zach Parise Marian Gaborik 38 1 1 3
2 Brooks Laich Tyler Ennis Georges Laraque 24 1 2 2
3 Nazem Kadri Ramzi Abid Chris Stewart 24 1 2 2
4 Maxim Talbot Martin Samuelsson Enver Lisin 14 1 2 2
5 vs 5 Defense
Defense Defense Time % Phy DF OF
1 Kristopher Letang Eric Brewer 40 1 2 2
2 Josh Gorges Brent Sopel 34 1 2 2
3 Toni Lydman Anton Stralman 26 1 2 2
4 Kristopher Letang Anton Stralman 0 1 3 1
PowerPlay Forward
Center Left Wing Right Wing Time % Phy DF OF
1 Vincent Lecavalier Zach Parise Marian Gaborik 60 1 0 4
2 Nazem Kadri Tyler Ennis Chris Stewart 40 1 0 4
PowerPlay Defense
Defense Defense Time % Phy DF OF
1 Kristopher Letang Brent Sopel 60 0 2 3
2 Anton Stralman Josh Gorges 40 0 2 3
Penalty Kill 4 Players Forward
Center Wing Time % Phy DF OF
1 Maxim Talbot Martin Samuelsson 55 0 4 1
2 Ramzi Abid Georges Laraque 45 0 4 1
Penalty Kill 4 Players Defense
Defense Defense Time % Phy DF OF
1 Toni Lydman Anton Stralman 60 1 4 0
2 Josh Gorges Eric Brewer 40 1 4 0
Penalty Kill - 3 Players Forward
Forward Time % Phy DF OF
1 Zach Parise 60 0 4 1
2 Ramzi Abid 40 0 4 1
Penalty Kill - 3 Players Defense
Defense Defense Time % Phy DF OF
1 Toni Lydman Anton Stralman 60 1 4 0
2 Eric Brewer Kristopher Letang 40 1 4 0
4 vs 4 Forward
Center Wing Time % Phy DF OF
1 Vincent Lecavalier Marian Gaborik 55 0 2 3
2 Nazem Kadri Zach Parise 45 0 2 3
4 vs 4 Defense
Defense Defense Time % Phy DF OF
1 Kristopher Letang Eric Brewer 60 1 3 1
2 Josh Gorges Anton Stralman 40 1 3 1
Last Minutes Offensive
Center Left Wing Right Wing Defense Defense
Vincent Lecavalier Zach Parise Marian Gaborik Kristopher Letang Eric Brewer
Last Minutes Defensive
Center Left Wing Right Wing Defense Defense
Vincent Lecavalier Zach Parise Georges Laraque Josh Gorges Eric Brewer
Goaltenders
Starting : Ryan Miller
Backup : Adam Munro
Extra Forwards
Normal : Marian Gaborik, Brooks Laich, Enver Lisin - PP : Brooks Laich, Maxim Talbot - PK : Maxim Talbot
Extra Defensemen
Normal : Kristopher Letang, Josh Gorges, Brent Sopel - PP : Anton Stralman - PK : Kristopher Letang, Brent Sopel
Penalty Shots
Tyler Ennis, Vincent Lecavalier, Marian Gaborik, Zach Parise, Chris Stewart
Scratches
None
% Time on Ice - Flyers
Lines # - Real PCT - Wanted PCT - Time Play
Normal Forward
1 - 27% - 40% - 11:03
2 - 27% - 30% - 11:04
3 - 29% - 20% - 11:46
4 - 16% - 10% - 6:31
Normal Defense
1 - 38% - 40% - 15:25
2 - 33% - 30% - 13:15
3 - 22% - 20% - 8:43
4 - 7% - 10% - 3:01
PP Forward
1 - 55% - 60% - 7:04
2 - 45% - 40% - 5:47
PP Defense
1 - 56% - 60% - 7:13
2 - 44% - 40% - 5:38
PK Forward
1 - 80% - 60% - 5:25
2 - 20% - 40% - 1:20
PK Defense
1 - 58% - 60% - 3:54
2 - 42% - 40% - 2:51
PK3 Forward
1 - 0% - 60%
2 - 0% - 40%
PK3 Defense
1 - 0% - 60%
2 - 0% - 40%
44 Forward
1 - 75% - 60% - 0:46
2 - 25% - 40% - 0:15
44 Defense
1 - 100% - 60% - 1:01
2 - 0% - 40% - 0:00
Last Minute Offensive - 0:00
Last Minute Defensive - 0:00
Total
Forward - 61:01
Defense - 61:01
|
% Time on Ice - Coyotes
Lines # - Real PCT - Wanted PCT - Time Play
Normal Forward
1 - 35% - 38% - 14:10
2 - 22% - 24% - 8:57
3 - 21% - 24% - 8:34
4 - 22% - 14% - 8:43
Normal Defense
1 - 44% - 40% - 17:44
2 - 32% - 34% - 12:55
3 - 23% - 26% - 9:20
4 - 1% - 0% - 0:25
PP Forward
1 - 59% - 60% - 3:57
2 - 41% - 40% - 2:48
PP Defense
1 - 59% - 60% - 3:59
2 - 41% - 40% - 2:46
PK Forward
1 - 65% - 55% - 7:16
2 - 35% - 45% - 3:59
PK Defense
1 - 61% - 60% - 6:52
2 - 39% - 40% - 4:23
PK3 Forward
1 - 77% - 60% - 1:14
2 - 23% - 40% - 0:22
PK3 Defense
1 - 60% - 60% - 0:58
2 - 40% - 40% - 0:38
44 Forward
1 - 62% - 55% - 0:38
2 - 38% - 45% - 0:23
44 Defense
1 - 70% - 60% - 0:43
2 - 30% - 40% - 0:18
Last Minute Offensive - 0:00
Last Minute Defensive - 0:00
Total
Forward - 61:01
Defense - 61:01
|
Play by Play
1st period
0:01 of 1st period - Jeff Carter wins face-off versus Vincent Lecavalier in neutral zone.
0:27 of 1st period - Jeff Woywitka is hit by Eric Brewer and loses puck.
0:32 of 1st period - Wrist shot by Chris Stewart.
0:32 of 1st period - Shot Blocked by Jeff Woywitka.
0:34 of 1st period - Snap shot by Ramzi Abid.
0:34 of 1st period - Shot Misses the Net.
0:36 of 1st period - Slapshot by Josh Gorges.
0:36 of 1st period - Shot Blocked by Dany Heatley.
1:13 of 1st period - Wrist shot by Kyle Wellwood.
1:13 of 1st period - Shot Misses the Net.
1:30 of 1st period - Off-side.
1:31 of 1st period - Matthew Lombardi wins face-off versus Vincent Lecavalier in neutral zone.
1:52 of 1st period - Slapshot by Marian Gaborik.
1:52 of 1st period - Deflect By Zach Parise.
1:52 of 1st period - Deflect By Rostislav Olesz.
1:52 of 1st period - Shot Misses the Net.
1:52 of 1st period - Puck is out of play.
1:53 of 1st period - Nazem Kadri wins face-off versus Kyle Wellwood in Flyers zone.
2:02 of 1st period - Brent Sopel is hit by Rostislav Olesz and loses puck.
2:30 of 1st period - Wrist shot by Brooks Laich.
2:30 of 1st period - Stopped by Cory Schneider with a rebound.
2:51 of 1st period - Snap shot by Jeff Carter.
2:51 of 1st period - Shot Misses the Net.
3:04 of 1st period - Off-side.
3:05 of 1st period - Maxim Talbot wins face-off versus Kyle Wellwood in neutral zone.
3:16 of 1st period - Wrist shot by Maxim Talbot.
3:16 of 1st period - Stopped by Cory Schneider without a rebound.
3:17 of 1st period - Brooks Laich wins face-off versus Jeff Carter in Flyers zone.
3:22 of 1st period - Wrist shot by Tyler Ennis.
3:22 of 1st period - Stopped by Cory Schneider without a rebound.
3:23 of 1st period - Jeff Carter wins face-off versus Brooks Laich in Flyers zone.
3:50 of 1st period - Zach Parise is hit by Kyle Wellwood.
3:56 of 1st period - Snap shot by Marian Gaborik.
3:56 of 1st period - Stopped by Cory Schneider with a rebound.
4:10 of 1st period - Wrist shot by Jeff Carter.
4:10 of 1st period - Stopped by Ryan Miller without a rebound.
4:11 of 1st period - Nazem Kadri wins face-off versus Rickard Wallin in Coyotes zone.
4:11 of 1st period - Nazem Kadri is hit by Stefan Ruzicka.
4:19 of 1st period - Wrist shot by Stefan Ruzicka.
4:19 of 1st period - Shot Blocked by Nazem Kadri.
5:16 of 1st period - Wrist shot by Vincent Lecavalier.
5:16 of 1st period - Shot Misses the Net.
5:32 of 1st period - Snap shot by Vincent Lecavalier.
5:32 of 1st period - Stopped by Cory Schneider without a rebound.
5:33 of 1st period - Jeff Carter wins face-off versus Brooks Laich in Flyers zone.
5:33 of 1st period - Jeff Carter is hit by Tyler Ennis.
5:41 of 1st period - Dany Heatley is hit by Georges Laraque and loses puck.
6:43 of 1st period - Minor Penalty to Georges Laraque for Hooking.
6:44 of 1st period - Maxim Talbot wins face-off versus Jeff Carter in Coyotes zone.
7:26 of 1st period - Snap shot by Ramzi Abid.
7:26 of 1st period - Shot Misses the Net.
8:10 of 1st period - Jeff Woywitka is hit by Toni Lydman.
8:43 of 1st period - Penalty to Georges Laraque is over, Georges Laraque is back on ice.
8:44 of 1st period - Georges Laraque is hit by Matthew Lombardi and loses puck.
8:51 of 1st period - Matthew Lombardi is hit by Georges Laraque and loses puck.
9:06 of 1st period - Wrist shot by Kristopher Letang.
9:06 of 1st period - Stopped by Cory Schneider with a rebound.
9:08 of 1st period - Snap shot by Georges Laraque.
9:08 of 1st period - Stopped by Cory Schneider without a rebound.
9:09 of 1st period - Rickard Wallin wins face-off versus Brooks Laich in Flyers zone.
9:09 of 1st period - Rickard Wallin is hit by Kristopher Letang.
9:12 of 1st period - Minor Penalty to Pavel Kubina for Roughing.
9:13 of 1st period - Nazem Kadri wins face-off versus Jeff Carter in Flyers zone.
9:17 of 1st period - Wrist shot by Chris Stewart.
9:17 of 1st period - Stopped by Cory Schneider with a rebound.
10:55 of 1st period - Anton Stralman is hit by Jonathan Ericsson.
11:12 of 1st period - Penalty to Pavel Kubina is over, Pavel Kubina is back on ice.
11:23 of 1st period - Pavel Kubina is hit by Maxim Talbot and loses puck.
11:42 of 1st period - Georges Laraque is hit by Chris Kreider and loses puck.
12:00 of 1st period - Eric Brewer is hit by Mats Zuccarello and loses puck.
12:54 of 1st period - Minor Penalty to Maxim Talbot for Holding.
12:55 of 1st period - Jeff Carter wins face-off versus Nazem Kadri in Coyotes zone.
12:58 of 1st period - Wrist shot by Alexei Morozov.
12:58 of 1st period - Stopped by Ryan Miller without a rebound.
12:59 of 1st period - Nazem Kadri wins face-off versus Jeff Carter in Coyotes zone.
14:10 of 1st period - Kyle Wellwood is hit by Anton Stralman and loses puck.
14:54 of 1st period - Penalty to Maxim Talbot is over, Maxim Talbot is back on ice.
15:24 of 1st period - Matt Smaby is hit by Georges Laraque and loses puck.
16:07 of 1st period - Vincent Lecavalier is hit by Dany Heatley and loses puck.
18:16 of 1st period - Wrist shot by Tyler Ennis.
18:16 of 1st period - Stopped by Cory Schneider with a rebound.
19:23 of 1st period - Jonathan Ericsson is hit by Martin Samuelsson.
19:30 of 1st period - Icing by Enver Lisin.
19:31 of 1st period - Dany Heatley wins face-off versus Brooks Laich in Coyotes zone.
19:48 of 1st period - Slapshot by Tyler Ennis.
19:48 of 1st period - Shot Blocked by Matthew Lombardi.
19:50 of 1st period - Backhand shot by Marian Gaborik.
19:50 of 1st period - Deflect By Vincent Lecavalier.
19:50 of 1st period - Deflect By Nathan Paetsch.
19:50 of 1st period - Shot Misses the Net.
19:50 of 1st period - Puck is out of play.
19:51 of 1st period - Matthew Lombardi wins face-off versus Marian Gaborik in Flyers zone.
19:53 of 1st period - Icing by Chris Kreider.
19:54 of 1st period - Zach Parise wins face-off versus Matthew Lombardi in Flyers zone.
19:55 of 1st period - Snap shot by Marian Gaborik.
19:55 of 1st period - Stopped by Cory Schneider with a rebound.
Goals for this period are 0 for Flyers vs 0 for Coyotes.
Shots for this period are 2 for Flyers vs 10 for Coyotes.
2nd period
0:01 of 2nd period - Jeff Carter wins face-off versus Vincent Lecavalier in neutral zone.
0:04 of 2nd period - Snap shot by Jonathan Ericsson.
0:04 of 2nd period - Stopped by Ryan Miller with a rebound.
0:06 of 2nd period - Wrist shot by Jeff Carter.
0:06 of 2nd period - Goal by Jeff Carter - Flyers : 1 - Coyotes : 0.
0:07 of 2nd period - Jeff Carter wins face-off versus Vincent Lecavalier in neutral zone.
0:18 of 2nd period - Snap shot by Jeff Carter.
0:18 of 2nd period - Shot Misses the Net.
0:20 of 2nd period - Slapshot by Jeff Woywitka.
0:20 of 2nd period - Stopped by Ryan Miller without a rebound.
0:21 of 2nd period - Jeff Carter wins face-off versus Marian Gaborik in Coyotes zone.
0:24 of 2nd period - Backhand shot by Jeff Carter.
0:24 of 2nd period - Stopped by Ryan Miller without a rebound.
0:25 of 2nd period - Jeff Carter wins face-off versus Vincent Lecavalier in Coyotes zone.
0:26 of 2nd period - Snap shot by Alexei Morozov.
0:26 of 2nd period - Stopped by Ryan Miller with a rebound.
0:36 of 2nd period - Jeff Woywitka is hit by Vincent Lecavalier and loses puck.
0:50 of 2nd period - Minor Penalty to Eric Brewer for Hooking.
0:51 of 2nd period - Maxim Talbot wins face-off versus Jeff Carter in Coyotes zone.
1:24 of 2nd period - Slapshot by Rostislav Olesz.
1:24 of 2nd period - Goal by Rostislav Olesz - Flyers : 2 - Coyotes : 0.
1:25 of 2nd period - Vincent Lecavalier wins face-off versus Alexei Morozov in neutral zone.
1:54 of 2nd period - Minor Penalty to Brent Sopel for Hooking.
1:55 of 2nd period - Jeff Carter wins face-off versus Maxim Talbot in Coyotes zone.
2:12 of 2nd period - Wrist shot by Jeff Carter.
2:12 of 2nd period - Stopped by Ryan Miller with a rebound.
2:30 of 2nd period - Slapshot by Dany Heatley.
2:30 of 2nd period - Stopped by Ryan Miller without a rebound.
2:31 of 2nd period - Maxim Talbot wins face-off versus Kyle Wellwood in Coyotes zone.
3:54 of 2nd period - Penalty to Brent Sopel is over, Brent Sopel is back on ice.
5:19 of 2nd period - Nazem Kadri is hit by Jakub Voracek and loses puck.
5:40 of 2nd period - Snap shot by Martin Samuelsson.
5:40 of 2nd period - Shot Misses the Net.
5:42 of 2nd period - Wrist shot by Enver Lisin.
5:42 of 2nd period - Deflect By Martin Samuelsson.
5:42 of 2nd period - Stopped by Cory Schneider without a rebound.
5:43 of 2nd period - Vincent Lecavalier wins face-off versus Kyle Wellwood in Flyers zone.
5:56 of 2nd period - Snap shot by Marian Gaborik.
5:56 of 2nd period - Deflect By Vincent Lecavalier.
5:56 of 2nd period - Stopped by Cory Schneider with a rebound.
5:58 of 2nd period - Snap shot by Anton Stralman.
5:58 of 2nd period - Stopped by Cory Schneider without a rebound.
5:59 of 2nd period - Jeff Carter wins face-off versus Nazem Kadri in Flyers zone.
6:01 of 2nd period - Minor Penalty to Alexei Morozov for Hooking.
6:02 of 2nd period - Dany Heatley wins face-off versus Vincent Lecavalier in Flyers zone.
6:02 of 2nd period - Dany Heatley is hit by Vincent Lecavalier.
6:14 of 2nd period - Off-side.
6:15 of 2nd period - Vincent Lecavalier wins face-off versus Jeff Carter in neutral zone.
6:40 of 2nd period - Marian Gaborik is hit by Jeff Carter and loses puck.
6:49 of 2nd period - Wrist shot by Marian Gaborik.
6:49 of 2nd period - Goal by Marian Gaborik - Flyers : 2 - Coyotes : 1.
6:50 of 2nd period - Nazem Kadri wins face-off versus Kyle Wellwood in neutral zone.
7:15 of 2nd period - Vincent Lecavalier is hit by Jeff Carter and loses puck.
8:26 of 2nd period - Wrist shot by Dany Heatley.
8:26 of 2nd period - Shot Misses the Net.
8:57 of 2nd period - Snap shot by Jeff Carter.
8:57 of 2nd period - Stopped by Ryan Miller with a rebound.
8:59 of 2nd period - Slapshot by Jonathan Ericsson.
8:59 of 2nd period - Shot Misses the Net.
9:01 of 2nd period - Snap shot by Rickard Wallin.
9:01 of 2nd period - Shot Blocked by Brooks Laich.
9:13 of 2nd period - Rostislav Olesz is hit by Brent Sopel and loses puck.
10:42 of 2nd period - Slapshot by Chris Kreider.
10:42 of 2nd period - Shot Misses the Net.
10:44 of 2nd period - Wrist shot by Pavel Kubina.
10:44 of 2nd period - Shot Blocked by Eric Brewer.
11:06 of 2nd period - Slapshot by Kristopher Letang.
11:06 of 2nd period - Stopped by Cory Schneider without a rebound.
11:07 of 2nd period - Rickard Wallin wins face-off versus Brooks Laich in Flyers zone.
11:32 of 2nd period - Slapshot by Nazem Kadri.
11:32 of 2nd period - Stopped by Cory Schneider without a rebound.
11:33 of 2nd period - Nazem Kadri wins face-off versus Jeff Carter in Flyers zone.
11:36 of 2nd period - Wrist shot by Ramzi Abid.
11:36 of 2nd period - Shot Blocked by Alexei Morozov.
11:38 of 2nd period - Slapshot by Nazem Kadri.
11:38 of 2nd period - Goal by Nazem Kadri - Flyers : 2 - Coyotes : 2.
11:39 of 2nd period - Jeff Carter wins face-off versus Vincent Lecavalier in neutral zone.
11:44 of 2nd period - Snap shot by Dany Heatley.
11:44 of 2nd period - Stopped by Ryan Miller without a rebound.
11:45 of 2nd period - Jeff Carter wins face-off versus Vincent Lecavalier in Coyotes zone.
11:46 of 2nd period - Snap shot by Dany Heatley.
11:46 of 2nd period - Shot Blocked by Brent Sopel.
11:48 of 2nd period - Slapshot by Jonathan Ericsson.
11:48 of 2nd period - Shot Blocked by Zach Parise.
11:50 of 2nd period - Snap shot by Jeff Carter.
11:50 of 2nd period - Stopped by Ryan Miller without a rebound.
11:51 of 2nd period - Vincent Lecavalier wins face-off versus Jeff Carter in Coyotes zone.
12:13 of 2nd period - Minor Penalty to Zach Parise for Holding.
12:14 of 2nd period - Maxim Talbot wins face-off versus Jeff Carter in Coyotes zone.
12:29 of 2nd period - Slapshot by Anton Stralman.
12:29 of 2nd period - Stopped by Cory Schneider with a rebound.
13:46 of 2nd period - Icing by Jeff Woywitka.
13:47 of 2nd period - Nazem Kadri wins face-off versus Jeff Carter in Flyers zone.
13:50 of 2nd period - Snap shot by Martin Samuelsson.
13:50 of 2nd period - Stopped by Cory Schneider without a rebound.
13:51 of 2nd period - Nazem Kadri wins face-off versus Kyle Wellwood in Flyers zone.
13:52 of 2nd period - Slapshot by Martin Samuelsson.
13:52 of 2nd period - Deflect By Steve McCarthy.
13:52 of 2nd period - Shot Blocked by Matt Smaby.
13:52 of 2nd period - Puck is out of play.
13:53 of 2nd period - Nazem Kadri wins face-off versus Kyle Wellwood in Flyers zone.
13:54 of 2nd period - Slapshot by Eric Brewer.
13:54 of 2nd period - Shot Blocked by Rostislav Olesz.
14:02 of 2nd period - Martin Samuelsson is hit by Steve McCarthy and loses puck.
14:13 of 2nd period - Penalty to Zach Parise is over, Zach Parise is back on ice.
15:01 of 2nd period - Wrist shot by Rostislav Olesz.
15:01 of 2nd period - Shot Misses the Net.
15:03 of 2nd period - Slapshot by Jeff Woywitka.
15:03 of 2nd period - Deflect By Anton Stralman.
15:03 of 2nd period - Stopped by Ryan Miller without a rebound.
15:04 of 2nd period - Nazem Kadri wins face-off versus Kyle Wellwood in Coyotes zone.
15:45 of 2nd period - Backhand shot by Rostislav Olesz.
15:45 of 2nd period - Stopped by Ryan Miller with a rebound.
15:49 of 2nd period - Snap shot by Jakub Voracek.
15:49 of 2nd period - Stopped by Ryan Miller without a rebound.
15:50 of 2nd period - Jeff Carter wins face-off versus Vincent Lecavalier in Coyotes zone.
15:53 of 2nd period - Slapshot by Dany Heatley.
15:53 of 2nd period - Stopped by Ryan Miller without a rebound.
15:54 of 2nd period - Vincent Lecavalier wins face-off versus Jeff Carter in Coyotes zone.
15:56 of 2nd period - Minor Penalty to Eric Brewer for Interference.
15:57 of 2nd period - Jeff Carter wins face-off versus Maxim Talbot in Coyotes zone.
15:59 of 2nd period - Snap shot by Dany Heatley.
15:59 of 2nd period - Stopped by Ryan Miller with a rebound.
16:09 of 2nd period - Wrist shot by Dany Heatley.
16:09 of 2nd period - Shot Misses the Net.
16:11 of 2nd period - Snap shot by Jeff Woywitka.
16:11 of 2nd period - Shot Misses the Net.
16:13 of 2nd period - Slapshot by Jeff Woywitka.
16:13 of 2nd period - Stopped by Ryan Miller with a rebound.
16:19 of 2nd period - Minor Penalty to Maxim Talbot for High sticking.
16:20 of 2nd period - Zach Parise wins face-off versus Jeff Carter in Coyotes zone.
16:35 of 2nd period - Slapshot by Dany Heatley.
16:35 of 2nd period - Shot Misses the Net.
16:37 of 2nd period - Snap shot by Jeff Carter.
16:37 of 2nd period - Shot Blocked by Zach Parise.
17:56 of 2nd period - Penalty to Eric Brewer is over, Eric Brewer is back on ice.
18:19 of 2nd period - Penalty to Maxim Talbot is over, Maxim Talbot is back on ice.
19:01 of 2nd period - Chris Kreider is hit by Anton Stralman and loses puck.
19:44 of 2nd period - Jeff Carter is hit by Eric Brewer and loses puck.
Goals for this period are 2 for Flyers vs 2 for Coyotes.
Shots for this period are 17 for Flyers vs 9 for Coyotes.
3rd period
0:01 of 3rd period - Jeff Carter wins face-off versus Vincent Lecavalier in neutral zone.
0:06 of 3rd period - Slapshot by Dany Heatley.
0:06 of 3rd period - Stopped by Ryan Miller without a rebound.
0:07 of 3rd period - Jeff Carter wins face-off versus Zach Parise in Coyotes zone.
0:43 of 3rd period - Off-side.
0:44 of 3rd period - Nazem Kadri wins face-off versus Kyle Wellwood in neutral zone.
1:11 of 3rd period - Josh Gorges is hit by Steve McCarthy and loses puck.
1:45 of 3rd period - Icing by Kristopher Letang.
1:46 of 3rd period - Maxim Talbot wins face-off versus Kyle Wellwood in Coyotes zone.
1:50 of 3rd period - Kristopher Letang is hit by Rostislav Olesz and loses puck.
2:11 of 3rd period - Wrist shot by Chris Kreider.
2:11 of 3rd period - Stopped by Ryan Miller with a rebound.
2:26 of 3rd period - Wrist shot by Martin Samuelsson.
2:26 of 3rd period - Shot Blocked by Mats Zuccarello.
2:28 of 3rd period - Slapshot by Kristopher Letang.
2:28 of 3rd period - Deflect By Martin Samuelsson.
2:28 of 3rd period - Stopped by Cory Schneider with a rebound.
2:30 of 3rd period - Wrist shot by Maxim Talbot.
2:30 of 3rd period - Stopped by Cory Schneider with a rebound.
2:32 of 3rd period - Slapshot by Maxim Talbot.
2:32 of 3rd period - Shot Misses the Net.
2:34 of 3rd period - Snap shot by Enver Lisin.
2:34 of 3rd period - Shot Misses the Net.
2:36 of 3rd period - Slapshot by Kristopher Letang.
2:36 of 3rd period - Shot Blocked by Jonathan Ericsson.
2:38 of 3rd period - Snap shot by Eric Brewer.
2:38 of 3rd period - Shot Misses the Net.
3:16 of 3rd period - Snap shot by Maxim Talbot.
3:16 of 3rd period - Stopped by Cory Schneider with a rebound.
3:18 of 3rd period - Slapshot by Enver Lisin.
3:18 of 3rd period - Stopped by Cory Schneider without a rebound.
3:19 of 3rd period - Vincent Lecavalier wins face-off versus Dany Heatley in Flyers zone.
3:30 of 3rd period - Wrist shot by Marian Gaborik.
3:30 of 3rd period - Stopped by Cory Schneider without a rebound.
3:31 of 3rd period - Jeff Carter wins face-off versus Marian Gaborik in Flyers zone.
3:33 of 3rd period - Minor Penalty to Matt Smaby for High sticking.
3:34 of 3rd period - Jeff Carter wins face-off versus Vincent Lecavalier in Flyers zone.
3:42 of 3rd period - Wrist shot by Dany Heatley.
3:42 of 3rd period - Shot Misses the Net.
3:52 of 3rd period - Nathan Paetsch is hit by Brent Sopel and loses puck.
4:44 of 3rd period - Brent Sopel is hit by Jonathan Ericsson and loses puck.
5:23 of 3rd period - Mats Zuccarello is hit by Anton Stralman and loses puck.
5:33 of 3rd period - Penalty to Matt Smaby is over, Matt Smaby is back on ice.
5:38 of 3rd period - Backhand shot by Maxim Talbot.
5:38 of 3rd period - Stopped by Cory Schneider with a rebound.
5:40 of 3rd period - Slapshot by Anton Stralman.
5:40 of 3rd period - Stopped by Cory Schneider with a rebound.
5:42 of 3rd period - Slapshot by Toni Lydman.
5:42 of 3rd period - Shot Blocked by Jeff Carter.
6:12 of 3rd period - Chris Stewart is hit by Rostislav Olesz.
7:40 of 3rd period - Off-side.
7:41 of 3rd period - Rickard Wallin wins face-off versus Maxim Talbot in neutral zone.
8:07 of 3rd period - Marian Gaborik is hit by Jonathan Ericsson and loses puck.
8:22 of 3rd period - Chris Stewart is hit by Chris Kreider and loses puck.
8:37 of 3rd period - Eric Brewer is hit by Jeff Carter and loses puck.
9:01 of 3rd period - Minor Penalty to Enver Lisin for Tripping.
9:02 of 3rd period - Maxim Talbot wins face-off versus Jeff Carter in Coyotes zone.
9:13 of 3rd period - Snap shot by Alexei Morozov.
9:13 of 3rd period - Shot Blocked by Maxim Talbot.
9:56 of 3rd period - Toni Lydman is hit by Jeff Carter and loses puck.
11:01 of 3rd period - Penalty to Enver Lisin is over, Enver Lisin is back on ice.
11:47 of 3rd period - Nathan Paetsch is hit by Chris Stewart and loses puck.
12:42 of 3rd period - Icing by Jonathan Ericsson.
12:43 of 3rd period - Matthew Lombardi wins face-off versus Nazem Kadri in Flyers zone.
13:08 of 3rd period - Kristopher Letang is hit by Kyle Wellwood and loses puck.
13:23 of 3rd period - Wrist shot by Marian Gaborik.
13:23 of 3rd period - Shot Blocked by Chris Kreider.
13:25 of 3rd period - Slapshot by Zach Parise.
13:25 of 3rd period - Stopped by Cory Schneider without a rebound.
13:26 of 3rd period - Vincent Lecavalier wins face-off versus Matthew Lombardi in Flyers zone.
13:39 of 3rd period - Snap shot by Vincent Lecavalier.
13:39 of 3rd period - Shot Misses the Net.
13:41 of 3rd period - Wrist shot by Zach Parise.
13:41 of 3rd period - Shot Misses the Net.
14:04 of 3rd period - Dany Heatley is hit by Nazem Kadri and loses puck.
14:55 of 3rd period - Off-side.
14:56 of 3rd period - Maxim Talbot wins face-off versus Matthew Lombardi in neutral zone.
15:00 of 3rd period - Toni Lydman is hit by Chris Kreider and loses puck.
15:03 of 3rd period - Minor Penalty to Chris Kreider for Holding Stick.
15:04 of 3rd period - Jeff Carter wins face-off versus Vincent Lecavalier in Flyers zone.
15:12 of 3rd period - Icing by Brent Sopel.
15:13 of 3rd period - Jeff Carter wins face-off versus Vincent Lecavalier in Coyotes zone.
15:16 of 3rd period - Snap shot by Jeff Carter.
15:16 of 3rd period - Stopped by Ryan Miller without a rebound.
15:17 of 3rd period - Jeff Carter wins face-off versus Vincent Lecavalier in Coyotes zone.
15:58 of 3rd period - Wrist shot by Tyler Ennis.
15:58 of 3rd period - Stopped by Cory Schneider with a rebound.
16:24 of 3rd period - Snap shot by Matt Smaby.
16:24 of 3rd period - Shot Misses the Net.
16:26 of 3rd period - Wrist shot by Rostislav Olesz.
16:26 of 3rd period - Stopped by Ryan Miller without a rebound.
16:27 of 3rd period - Mats Zuccarello wins face-off versus Nazem Kadri in Coyotes zone.
17:03 of 3rd period - Penalty to Chris Kreider is over, Chris Kreider is back on ice.
17:06 of 3rd period - Dany Heatley is hit by Enver Lisin and loses puck.
17:28 of 3rd period - Off-side.
17:29 of 3rd period - Georges Laraque wins face-off versus Kyle Wellwood in neutral zone.
17:59 of 3rd period - Off-side.
18:00 of 3rd period - Vincent Lecavalier wins face-off versus Mats Zuccarello in neutral zone.
18:44 of 3rd period - Snap shot by Marian Gaborik.
18:44 of 3rd period - Stopped by Cory Schneider with a rebound.
18:46 of 3rd period - Snap shot by Marian Gaborik.
18:46 of 3rd period - Stopped by Cory Schneider with a rebound.
18:48 of 3rd period - Backhand shot by Marian Gaborik.
18:48 of 3rd period - Stopped by Cory Schneider without a rebound.
18:49 of 3rd period - Matthew Lombardi wins face-off versus Nazem Kadri in Flyers zone.
19:33 of 3rd period - Snap shot by Dany Heatley.
19:33 of 3rd period - Deflect By Jeff Carter.
19:33 of 3rd period - Shot Blocked by Josh Gorges.
19:33 of 3rd period - Puck is out of play.
19:34 of 3rd period - Matthew Lombardi wins face-off versus Brooks Laich in Coyotes zone.
19:37 of 3rd period - Slapshot by Mats Zuccarello.
19:37 of 3rd period - Stopped by Ryan Miller without a rebound.
19:38 of 3rd period - Chris Kreider wins face-off versus Brooks Laich in Coyotes zone.
19:47 of 3rd period - Slapshot by Chris Kreider.
19:47 of 3rd period - Stopped by Ryan Miller with a rebound.
19:49 of 3rd period - Wrist shot by Chris Kreider.
19:49 of 3rd period - Shot Misses the Net.
19:51 of 3rd period - Snap shot by Mats Zuccarello.
19:51 of 3rd period - Shot Misses the Net.
19:53 of 3rd period - Snap shot by Matthew Lombardi.
19:53 of 3rd period - Stopped by Ryan Miller without a rebound.
19:54 of 3rd period - Nazem Kadri wins face-off versus Rickard Wallin in Coyotes zone.
Goals for this period are 0 for Flyers vs 0 for Coyotes.
Shots for this period are 7 for Flyers vs 12 for Coyotes.
Overtime #1
0:01 of 1st overtime period - Jeff Carter wins face-off versus Vincent Lecavalier in neutral zone.
0:04 of 1st overtime period - Slapshot by Jeff Carter.
0:04 of 1st overtime period - Shot Blocked by Kristopher Letang.
0:59 of 1st overtime period - Slapshot by Alexei Morozov.
0:59 of 1st overtime period - Shot Misses the Net.
1:01 of 1st overtime period - Backhand shot by Jeff Woywitka.
1:01 of 1st overtime period - Goal by Jeff Woywitka - Flyers : 3 - Coyotes : 2.
Goals for this period are 1 for Flyers vs 0 for Coyotes.
Shots for this period are 1 for Flyers vs 0 for Coyotes.
Back to the Top